 Dungeon Crawl Stone Soup version 0.28.0-53-g5a82cb258f (webtiles) character file.

Game seed: 1503442298427020806

959 cbfl8 the Chopper (level 7, -1/82 HPs)
             Began as a Demonspawn Berserker on Sept 20, 2022.
             Was a Priest of Trog.
             Slain by an ogre
             ... wielding a +0 giant spiked club
              (9 damage)
             ... on level 5 of the Dungeon.
             The game lasted 00:05:24 (5641 turns).

cbfl8 the Chopper (Demonspawn Berserker)            Turns: 5641, Time: 00:05:25

Health: -1/82      AC: 10    Str: 17    XL:     7   Next: 92%
Magic:  0/7        EV:  8    Int:  8    God:    Trog [***...]
Gold:   291        SH:  0    Dex: 15    Spells: 6/6 levels left

rFire   + . .      SeeInvis .   p - +1 hand axe (flame)
rCold   . . .      Faith    .   (no shield)
rNeg    . . .      Spirit   +   b - +0 chain mail
rPois   +          Reflect  .   (helmet restricted)
rElec   .          Harm     .   (no cloak)
rCorr   .          Rampage  .   u - +0 pair of gloves
Will    .....                   (no boots)
Stlth   ..........              d - amulet of guardian spirit
HPRegen 0.23/turn               g - ring of protection from fire
MPRegen 0.10/turn               l - ring of poison resistance

@: berserking, very quick
A: horns 1, demonic magic 1
a: Renounce Religion, Berserk, Trog's Hand


You were on level 5 of the Dungeon.
You worshipped Trog.
Trog was most pleased with you.
You visited 1 branch of the dungeon, and saw 5 of its levels.

You collected 291 gold pieces.

Inventory:

Hand Weapons
 p - a +1 hand axe of flaming (weapon)
Armour
 b - a +0 chain mail (worn)
 u - a +0 pair of gloves (worn)
Jewellery
 d - an amulet of guardian spirit (around neck)
 g - a ring of protection from fire (left hand)
 l - a ring of poison resistance (right hand)
Wands
 a - a wand of polymorph (7)
Scrolls
 c - 2 scrolls of identify {unknown}
 e - a scroll of magic mapping {unknown}
 j - 2 scrolls of teleportation {unknown}
 m - a scroll of amnesia {unknown}
 n - a scroll of enchant weapon {unknown}
 s - a scroll of enchant armour {unknown}
 t - a scroll of immolation {unknown}
Potions
 f - a potion of haste {unknown}
 h - a potion of degeneration {unknown}
 i - 4 potions of might
 k - 2 potions of flight {unknown}
 o - a potion of attraction {unknown}
 q - a potion of lignification {unknown}
 r - a potion of curing


   Skills:
 * Level 4.9 Fighting
 * Level 6.5 Axes
 + Level 3.6 Armour
 + Level 2.5 Dodging
 + Level 0.1 Stealth
 * Level 2.5 Evocations


You had 6 spell levels left.
You didn't know any spells.
Your spell library was empty.

Dungeon Overview and Level Annotations

Branches:
Dungeon (5/15)
 Temple: D:4-7

Altars:
Vehumet

Shops:
D:4 :[(([


Innate Abilities, Weirdness & Mutations

You have a pair of small horns on your head.
Spells you cast may paralyse adjacent enemies.


Message History

Done exploring.
No target in view!
Done exploring.
Unknown command.
Unknown command.
Search for what [Enter for "."]? .
Things that are here:
a +0 ring mail; a +0 pair of gloves
u - a +0 pair of gloves You start putting on your armour.
You continue putting on your +0 pair of gloves. x4
You finish putting on your +0 pair of gloves.
Search for what [Enter for "."]? .
Things that are here:
a +0 dagger; a +0 robe
There is a stone staircase leading down here.
You climb downwards.
The ogre shouts!
There is a stone staircase leading up here.
An ogre is nearby!
The ogre hits you with a +0 giant spiked club!!
You hit the ogre but do no damage. You barely miss the ogre.
You headbutt the ogre.
The ogre is lightly wounded.
The ogre hits you with a +0 giant spiked club!
You are too injured to fight recklessly!
You are too injured to fight recklessly!
You closely miss the ogre. Your headbutt misses the ogre.
The ogre is lightly wounded.
The ogre barely misses you.
You barely miss the ogre.
The ogre is lightly wounded.
The ogre hits you with a +0 giant spiked club!!
* * * LOW HITPOINT WARNING * * *
A red film seems to cover your vision as you go berserk!
You feel yourself moving faster!
You feel mighty!
You hit the ogre. You burn the ogre.
The ogre is heavily wounded.
The ogre hits you with a +0 giant spiked club!
You die...

#.##.#####..#.#
..............##
...............
..............
#........#.#
#.###.........#
.........O...##.
.......<@.......
#.###.#########.
#


You could see an ogre.

Vanquished Creatures
  Sigmund (D:2)
  Duvessa (D:4)
  An ice beast (D:3)
  A scorpion (D:4)
  Dowan (D:4)
  5 orc priests
  2 hounds (D:4)
  A bullfrog skeleton (D:4)
  2 orc wizards (D:4)
  Natasha (twice) (D:4)
  Robin (D:4)
  4 adders
  An adder skeleton (D:4)
  4 dart slugs
  8 orcs
  10 endoplasms
  2 giant cockroaches
  12 goblins
  13 hobgoblins
  2 jackals (D:4)
  3 quokkas
  10 ball pythons
  4 bats
  3 frilled lizards
  8 kobolds
  4 rats
106 creatures vanquished.

Notes
Turn   | Place    | Note
-------+----------+-------------------------------------------
     0 | D:1      | cbfl8 the Demonspawn Berserker began the quest for the Orb.
     0 | D:1      | Reached XP level 1. HP: 18/18 MP: 1/1
   395 | D:1      | Gained mutation: Spells you cast may paralyse adjacent
                  | enemies. [demonic ancestry]
   395 | D:1      | Reached XP level 2. HP: 24/24 MP: 2/2
   833 | D:1      | Reached skill level 3 in Axes
  1265 | D:2      | Reached XP level 3. HP: 29/29 MP: 3/3
  1622 | D:2      | Noticed Sigmund
  1626 | D:2      | Reached ** piety under Trog
  1639 | D:2      | Killed Sigmund
  1640 | D:2      | Reached skill level 4 in Axes
  1640 | D:2      | Reached skill level 1 in Evocations
  1640 | D:2      | Reached XP level 4. HP: 35/37 MP: 2/4
  1640 | D:2      | Gained mutation: You have a pair of small horns on your
                  | head. [demonic ancestry]
  1640 | D:2      | Reached XP level 5. HP: 40/42 MP: 2/5
  1945 | D:2      | Found a faded altar of an unknown god.
  2741 | D:3      | Reached XP level 6. HP: 24/48 MP: 1/6
  2743 | D:3      | Reached skill level 5 in Axes
  3254 | D:3      | Noticed an ice beast
  3261 | D:3      | Killed an ice beast
  3437 | D:3      | Found a radiant altar of Vehumet.
  3951 | D:4      | Reached XP level 7. HP: 44/55 MP: 5/7
  4218 | D:4      | Reached skill level 6 in Axes
  4367 | D:4      | Noticed Natasha
  4376 | D:4      | Killed Natasha
  4393 | D:4      | Noticed Duvessa
  4394 | D:4      | Noticed Dowan
  4402 | D:4      | Killed Duvessa
  4405 | D:4      | Found Urallal's Weapon Emporium.
  4419 | D:4      | Killed Dowan
  4719 | D:4      | Found Wofet's Armour Boutique.
  5039 | D:4      | Found Habbim's Weapon Shoppe.
  5042 | D:4      | Noticed Robin
  5049 | D:4      | Reached *** piety under Trog
  5054 | D:4      | Killed Robin
  5122 | D:4      | Found Yfuam's Book Shop.
  5248 | D:4      | Noticed Natasha
  5253 | D:4      | Killed Natasha
  5338 | D:4      | Found Magrisue's Antique Armour Shoppe.
  5634 | D:5      | Entered Level 5 of the Dungeon
  5641 | D:5      | Slain by an ogre

Illustrated notes

Levels and vault maps discovered:
D:1:      roderic_octagonal_star, layout_basic, ebering_dispersal_statue_hall,
          minmay_quantized
D:2:      layout_loops_corners, hellmonk_ecumenical_altar_leap_of_faith,
          minmay_three_crescents, uniq_sigmund
D:3:      layout_loops_ring, marbit_many_paths
D:4:      layout_loops_corners, serial_shops, nicolae_inconvenience_store,
          nicolae_shop_overgrown_old_shop, shop, shop, nicolae_shop_statue_plus,
          minmay_misc_feat_x, uniq_natasha, uniq_duvessa, uniq_robin
D:5:      layout_basic

Skill      XL: |  1  2  3  4  5  6  7 |
---------------+----------------------+-----
Dodging        | 2 |  2.5
Axes           | 3 4 5 6 |  6.5
Armour         | 2 3 |  3.6
Evocations     | 1 2 |  2.5
Fighting       | 4 |  4.9
Stealth        | |  0.1

Action                   |  1- 3 |  4- 6 |  7- 9 || total
-------------------------+-------+-------+-------++-------
Melee: Hand axe          |   111 |   113 |   104 ||   328
       Headbutt          |       |    14 |    19 ||    33
       Punch             |       |     1 |     1 ||     2
Invok: Berserk           |     1 |     2 |     2 ||     5
  Use: Potion            |       |     3 |       ||     3
Armor: Chain mail        |    61 |    68 |    53 ||   182
Dodge: Dodged            |    50 |    40 |    33 ||   123
